 Dungeon Crawl Stone Soup version 0.27-a0-1186-g8b4daa1eef (webtiles) character file.

Game seed: 2160942558481337468

1522 tilp the Summoner (level 8, -2/61 HPs)
             Began as a Barachi Summoner on May 19, 2021.
             Slain by an orc warrior
             ... wielding a +0 great mace
              (17 damage)
             ... on level 6 of the Dungeon.
             The game lasted 00:19:38 (12206 turns).

tilp the Summoner (Barachi Summoner)               Turns: 12206, Time: 00:19:38

Health: -2/61      AC:  6    Str: 11    XL:     8   Next: 84%
Magic:  9/14       EV: 12    Int: 17    God:
Gold:   268        SH:  0    Dex: 12    Spells: 6/15 levels left

rFire    + . .     SeeInvis .   a - +0 trident
rCold    . . .     Faith    .   (no shield)
rNeg     . . .     Spirit   .   i - +0 leather armour
rPois    .         Reflect  .   D - +0 helmet
rElec    .         Harm     .   (no cloak)
rCorr    .         Rampage  .   t - +0 pair of gloves
Will     +....                  E - +0 pair of boots
Stlth    ++........             (no amulet)
HPRegen  0.20/turn              f - ring of protection from fire
MPRegen  0.14/turn              B - ring of willpower

@: slow
A: amphibious, slowness 1, strong legs 1, +LOS
a: Hop


You were on level 6 of the Dungeon.
You visited 1 branch of the dungeon, and saw 7 of its levels.
You also visited: Ossuary.

You collected 268 gold pieces.

Inventory:

Hand Weapons
 a - a +0 trident (weapon)
 b - a +2 antimagic spear
 A - the +9 long sword of the Thing {vorpal, Int+2}
   (You took it off a centaur on level 6 of the Dungeon)

   It inflicts extra damage upon your enemies.
   It affects your intelligence (+2).
 C - a +1 spear
Missiles
 c - 34 poisoned darts (quivered)
 u - 8 boomerangs
Armour
 e - a +0 scale mail
 i - a +0 leather armour (worn)
 t - a +0 pair of gloves (worn)
 D - a +0 helmet (worn)
 E - a +0 pair of boots (worn)
Jewellery
 f - a ring of protection from fire (left hand)
 x - a ring of wizardry
 B - a ring of willpower (right hand)
Wands
 o - a wand of acid (9)
 v - a wand of iceblast (11)
 F - a wand of polymorph (7)
Scrolls
 l - 3 scrolls of teleportation
 m - 2 scrolls of summoning
 w - a scroll of enchant weapon
 y - 2 scrolls of magic mapping
 z - a scroll of fear
Potions
 d - a potion of flight {unknown}
 g - 6 potions of curing
 h - 2 potions of heal wounds
 j - 2 potions of degeneration
 k - 2 potions of attraction {unknown}
 n - a potion of might {unknown}
 p - 2 potions of brilliance {unknown}
 q - a potion of ambrosia {unknown}
 r - a potion of invisibility
 s - 3 potions of resistance {unknown}


   Skills:
 + Level 4.5 Fighting
 + Level 4.3 Polearms
 - Level 4.0 Dodging
 - Level 4.0 Stealth
 - Level 4.0 Spellcasting
 - Level 8.0 Summonings
 - Level 4.0 Evocations


You had 6 spell levels left.
You knew the following spells:

 Your Spells              Type           Power      Damage    Failure   Level
a - Summon Small Mammal   Summ           100%       N/A       1%          1
b - Call Imp              Summ           30%        N/A       1%          2
c - Call Canine Familiar  Summ           30%        N/A       2%          3
d - Summon Guardian Gole  Hex/Summ       17%        N/A       12%         3

Your spell library contained the following spells:

 Spells                   Type           Power      Damage    Failure   Level
 Animate Skeleton         Necr           6%         N/A       21%         1
 Corona                   Hex            3%         N/A       21%         1
 Pain                     Necr           12%        1d4       21%         1
 Ensorcelled Hibernation  Hex/Ice        6%         N/A       30%         2
 Summon Ice Beast         Ice/Summ       17%        N/A       36%         4
 Summon Lightning Spire   Summ/Air       17%        N/A       36%         4
 Confusing Touch          Hex            3%         N/A       52%         3
 Dazzling Flash           Conj/Hex       6%         N/A       52%         3
 Tukima's Dance           Hex            3%         N/A       52%         3
 Vampiric Draining        Necr           1%         2d6       52%         3
 Animate Dead             Necr           1%         N/A       90%         4
 Agony                    Necr           3%         N/A       99%         5


Dungeon Overview and Level Annotations

Branches:
Dungeon (7/15)            Ossuary (visited)
 Temple: D:4-7

Altars:
Ashenzari
Gozag
Beogh

Shops:
D:3 [

Annotations:
D:6 Cralpanu's ghost, novice GnCj
D:7 exclusion: gargoyle, Anon1729's ghost, novice DjTm


Innate Abilities, Weirdness & Mutations

You are amphibious.
You cover ground slowly.
You can hop short distances.
You have an extended range of vision and can be seen from far away.


Message History

The orc warrior closely misses your wolf.
You could not reach far enough!
Your wolf barely misses the orc warrior.
The orc warrior hits your wolf with a +0 great mace!!
Your wolf bites the orc warrior but does no damage.
You reach to attack!
You puncture the orc warrior!
The orc warrior is moderately wounded.
Your wolf closely misses the orc warrior.
The orc warrior hits your wolf with a +0 great mace!
Your wolf dies!
Your wolf's corpse disappears in a puff of smoke!
You reach to attack!
You barely miss the orc warrior.
The orc warrior is moderately wounded.
Casting: Call Canine Familiar (dangerous; 2% risk of failure)
Confirm with . or Enter, or press ? or * to list all spells.
The orc priest mumbles some strange prayers to Beogh against you.
Beogh smites you!
The orc warrior hits you but does no damage.
You swap places.
The orc priest mumbles some strange prayers to Beogh against you.
Beogh smites you! The orc warrior closely misses you.
Your hound bites the orc warrior but does no damage.
The orc warrior misses you.
Your hound closely misses the orc warrior.
Your hound bites the orc warrior but does no damage.
You are too injured to fight recklessly!
You are too injured to fight recklessly!
You are too injured to fight recklessly!
You hit the orc warrior but do no damage.
The orc warrior is moderately wounded.
Your hound bites the orc warrior but does no damage.
Your hound closely misses the orc warrior.
The orc warrior hits you with a +0 great mace!
* * * LOW HITPOINT WARNING * * *
You hit the orc warrior but do no damage.
The orc warrior is moderately wounded.
Your hound completely misses the orc warrior.
Cralpanu's ghost hits your hound. Cralpanu's ghost burns your hound.
The orc warrior hits you with a +0 great mace!
You die...

### #8##### #.#.... #.#..##
#######.#..#8
######o......#..##
#hW.oooo.....#.#..
#o####o###...'.#.. #@# #.#
#...'.#o8 #.# #.# #.#o'.#o.
#.# #.# #.#.#.#..
#.####.###.#.#..##
#######.#........#.#..#8
##.......#.##.....#.#..##
######...######.#####..#.#....
#...............)# #...8#####
#.####...######..####........#


You could see an orc warrior (ally target), Cralpanu's ghost and a friendly
hound (summoned).

Vanquished Creatures
  A centaur zombie (D:5)
  An ogre (D:6)
  A centaur (D:6)
  Dowan (D:5)
  A centaur skeleton (D:6)
  A jelly (D:7)
  A scorpion zombie (D:5)
  3 iguanas
  A howler monkey zombie (D:5)
  A mummy (Ossuary)
  2 adders (D:6)
  An ufetubus (D:6)
  2 dart slugs
  2 orcs (D:7)
  5 endoplasms
  4 goblins
  4 hobgoblins
  2 quokkas
  2 ball pythons (D:2)
  3 bats
  A frilled lizard (D:1)
  A hobgoblin zombie (Ossuary)
  4 kobolds
  A kobold zombie (Ossuary)
  An orc zombie (Ossuary)
  3 rats
50 creatures vanquished.

Vanquished Creatures (collateral kills)
  A water moccasin (D:5)
  An ice beast (D:6)
  Duvessa (D:5)
  An orc warrior (D:7)
  2 black bears
  A necrophage (D:4)
  2 centaurs (D:7)
  2 ogres
  A gnoll sergeant (D:6)
  A wyvern skeleton (D:6)
  A water moccasin zombie (Ossuary)
  A howler monkey (D:5)
  A bullfrog zombie (D:6)
  A centaur zombie (D:5)
  A bullfrog skeleton (D:7)
  A centaur skeleton (D:5)
  Jessica (D:2)
  Terence (D:2)
  A mummy (Ossuary)
  5 gnolls (D:6)
  7 adders
  2 shadow imps
  A white imp (D:6)
  An ufetubus (D:6)
  3 adder zombies (Ossuary)
  A worm (D:4)
  A dart slug (D:1)
  2 orcs
  7 ball pythons
  A giant cockroach (D:3)
  A gnoll zombie (Ossuary)
  5 goblins
  4 hobgoblins
  8 jackals
  3 frilled lizards (D:1)
  3 hobgoblin zombies (Ossuary)
  5 kobolds
  4 kobold zombies (Ossuary)
  3 orc zombies (Ossuary)
  A rat (D:3)
90 creatures vanquished.

Vanquished Creatures (others)
  A howler monkey zombie (D:7)
  4 plants (D:1)
  A withered plant (D:1)
6 creatures vanquished.

Grand Total: 146 creatures vanquished

Notes
Turn   | Place    | Note
-------+----------+-------------------------------------------
     0 | D:1      | tilp the Barachi Summoner began the quest for the Orb.
     0 | D:1      | Reached XP level 1. HP: 13/13 MP: 3/3
   548 | D:1      | Reached skill level 1 in Fighting
   869 | D:1      | Reached XP level 2. HP: 22/22 MP: 5/5
  1239 | D:1      | Learned a level 2 spell: Call Imp
  1429 | D:1      | Reached skill level 5 in Summonings
  1582 | D:1      | Found a faded altar of an unknown god.
  1932 | D:2      | Reached XP level 3. HP: 25/27 MP: 1/6
  2036 | D:2      | Noticed Terence
  2047 | D:2      | Killed Terence
  2272 | D:2      | Noticed Jessica
  2351 | D:2      | Killed Jessica
  2352 | D:2      | Reached XP level 4. HP: 25/33 MP: 1/8
  2361 | D:2      | Learned a level 3 spell: Call Canine Familiar
  2897 | D:2      | Reached skill level 6 in Summonings
  4284 | D:3      | Found Runa's Antique Armour Shoppe.
  4415 | D:4      | Reached XP level 5. HP: 39/39 MP: 3/9
  4677 | D:4      | Noticed a necrophage
  4692 | D:4      | Killed a necrophage
  4979 | D:4      | Found a sand-covered staircase.
  4983 | D:4      | Identified the +10 short sword of a Gauntlet {protect,
                  | rElec rCorr}
  4996 | Ossuary  | Entered an ossuary
  5229 | Ossuary  | Reached XP level 6. HP: 35/47 MP: 4/10
  5658 | D:4      | You fall into a shaft and drop 1 floor!
  5658 | D:5      | Entered Level 5 of the Dungeon
  5804 | D:5      | Reached XP level 7. HP: 53/54 MP: 2/11
  5961 | D:5      | Reached skill level 1 in Polearms
  6083 | D:5      | Found a broken altar of Ashenzari.
  6083 | D:5      | Found an opulent altar of Gozag.
  7017 | D:5      | Noticed Dowan
  7772 | D:5      | Noticed Duvessa
  8075 | D:6      | Reached skill level 1 in Evocations
  8185 | D:6      | Identified the +9 long sword of the Thing {vorpal, Int+2}
  8626 | D:6      | Reached XP level 8. HP: 60/60 MP: 3/12
  8724 | D:6      | Found a runed translucent gate.
  8724 | D:6      | Found a runed translucent gate.
  8724 | D:6      | Found a runed translucent gate.
  8725 | D:6      | Noticed Cralpanu's ghost (novice GnCj)
  8856 | D:6      | Learned a level 3 spell: Summon Guardian Golem
 10830 | D:7      | Found a runed translucent gate.
 10834 | D:7      | Noticed a gargoyle
 10842 | D:7      | Found a runed translucent gate.
 10842 | D:7      | Found a runed translucent gate.
 10849 | D:7      | Noticed Anon1729's ghost (novice DjTm)
 10850 | D:7      | Noticed an efreet
 10889 | D:7      | Reached skill level 7 in Summonings
 11744 | D:6      | Reached skill level 8 in Summonings
 11941 | D:5      | Killed Duvessa
 11944 | D:5      | Killed Dowan
 12206 | D:6      | Slain by an orc warrior

Illustrated notes

Levels and vault maps discovered:
D:1:      sevenhm_arrival_forest_fort_small_5, layout_basic,
          shapermc_ecumenical_altar_flowoftime
D:2:      layout_basic, minmay_three_crescents, uniq_terence, uniq_jessica
D:3:      layout_basic, serial_shops, nicolae_shop_trees, minmay_diced_spiral
D:4:      layout_basic, nicolae_ossuary_entry_monument, grunt_decor_clamped,
          minmay_misc_feat_four_crosses
D:5:      layout_loops_corners, gammafunk_temple_overflow_statue, uniq_duvessa
D:6:      layout_loops_ring, biasface_ghost_orc_armoury
D:7:      layout_cave_pools, minmay_temple_entry_junction,
          gammafunk_ghost_split, kennysheep_generic_room_15

Skill      XL: |  1  2  3  4  5  6  7  8 |
---------------+-------------------------+-----
Fighting       | 1 2 3 4 |  4.5
Summonings     | 5 6 8 |  8.0
Spellcasting   | 3 4 |  4.0
Stealth        | 2 4 |  4.0
Dodging        | 3 4 |  4.0
Polearms       | 4 |  4.3
Evocations     | 3 4 |  4.0

Action                   |  1- 3 |  4- 6 |  7- 9 || total
-------------------------+-------+-------+-------++-------
Melee: Unarmed           |     7 |       |       ||     7
       Dagger            |    74 |       |       ||    74
       Spear             |    22 |   148 |   166 ||   336
       Trident           |       |       |    19 ||    19
Throw: Dart              |       |     4 |       ||     4
 Cast: Summon Small Mamm |    27 |       |     1 ||    28
       Call Imp          |    11 |    19 |    34 ||    64
       Call Canine Famil |       |    21 |    46 ||    67
 Abil: Hop               |       |       |     1 ||     1
Evoke: Wand              |       |       |     4 ||     4
  Use: Scroll            |     2 |     9 |     2 ||    13
 Stab: Sleeping          |     3 |     3 |     4 ||    10
       Distracted        |       |     1 |     1 ||     2
Armor: Robe              |    17 |       |       ||    17
       Leather armour    |       |    27 |    30 ||    57
Dodge: Dodged            |    65 |    50 |   101 ||   216

Table legend: (Time is in decaauts)
 A = Elapsed time spent in this place.
 B = Non-inter-level travel time spent in this place.
 C = Inter-level travel time spent in this place.
 D = Time resting spent in this place.
 E = Time spent auto-exploring this place.
 F = Levels seen in this place.
 G = Mean time per level.
                   A        B        C        D        E       F      G
               +--------+--------+--------+--------+--------+-----+--------+
         Total |  13242 |  12621 |    621 |   4458 |   6229 |   8 | 1655.2 |
       Dungeon |  12681 |  12060 |    621 |   4358 |   5884 |   7 | 1811.6 |
       Ossuary |    560 |    560 |      0 |    100 |    344 |   1 |  560.0 |
               +--------+--------+--------+--------+--------+-----+--------+

Top non-repeatable levels by time:
     D:6: 3272 daAuts
     D:5: 2890 daAuts
     D:1: 2061 daAuts
     D:2: 1585 daAuts
     D:4: 1377 daAuts
     D:3: 1129 daAuts
 Ossuary: 560 daAuts
     D:7: 365 daAuts
